 Dungeon Crawl Stone Soup version 0.26.1-11-gd32895ea62 (webtiles) character file.

Game seed: 3879147391279066116

39 H0rd4k the Insei (level 3, -3/23 HPs)
             Began as an Octopode Transmuter on May 10, 2021.
             Was an Initiate of Gozag.
             Slain by an adder (4 damage)
             ... on level 2 of the Dungeon.
             The game lasted 00:01:16 (1292 turns).

H0rd4k the Insei (Octopode Transmuter)              Turns: 1292, Time: 00:01:17

Health: -3/23      AC:  1    Str:  9    XL:     3   Next: 47%
Magic:  6/6        EV: 13    Int: 16    God:    Gozag
Gold:   175        SH:  5    Dex: 12    Spells: 3/7 levels left

rFire    . . .     SeeInvis .     - Unarmed
rCold    . . .     Faith    .   (no shield)
rNeg     . . .     Spirit   .   (helmet restricted)
rPois    .         Reflect  +   g - amulet of reflection
rElec    .         Harm     .   (no ring)
rCorr    .         Rampage  .   (no ring)
Will     .....                  (no ring)
Stlth    ++........             (no ring)
HPRegen  0.07/turn              (no ring)
MPRegen  0.10/turn              (no ring)
                                (no ring)
                                (no ring)

@: mighty, lethally poisoned (-3 -> -20), attractive
A: almost no armour, stealthy swim, amphibious, 8 rings, constrict 8, camouflage
1, gelatinous body 1
a: Renounce Religion, Potion Petition, Call Merchant, Bribe Branch


You were on level 2 of the Dungeon.
You worshipped Gozag.
Gozag was aware of your devotion.
You visited 1 branch of the dungeon, and saw 2 of its levels.

You collected 214 gold pieces.
You paid 39 gold pieces to Gozag.

Inventory:

Jewellery
 g - an amulet of reflection (around mantle)
Scrolls
 a - a scroll of teleportation {unknown}
 b - 2 scrolls of remove curse {unknown}
 c - 5 scrolls of identify {unknown}
 d - a scroll of enchant armour {unknown}
 e - 2 scrolls of fear {unknown}
Potions
 f - a potion of berserk rage {unknown}
 h - a potion of might
 i - a potion of attraction


   Skills:
 + Level 1.0 Fighting
 + Level 2.1 Dodging
 - Level 0.4 Stealth
 + Level 3.5 Unarmed Combat
 * Level 2.5 Spellcasting
 * Level 2.5 Transmutations


You had 3 spell levels left.
You knew the following spells:

 Your Spells              Type           Power        Failure   Level
a - Beastly Appendage     Tmut           20%          7%          1
b - Spider Form           Tmut/Pois      3%           34%         3

Your spell library contained the following spells:

 Spells                   Type           Power        Failure   Level
 Wereblood                Tmut           10%          11%         2
 Ice Form                 Ice/Tmut       6%           75%         4
 Blade Hands              Tmut           5%           88%         5


Dungeon Overview and Level Annotations

Branches:
Dungeon (2/15)

Altars:
Gozag
Qazlal

Annotations:
D:2 Sigmund


Innate Abilities, Weirdness & Mutations

You cannot wear most types of armour.
You are very stealthy in the water. (Stealth+)
You are amphibious.
You can wear up to eight rings at the same time.
You can use your tentacles to constrict eight enemies at once.
Your skin changes colour to match your surroundings (Stealth+).
Your rubbery body absorbs attacks. (AC +1, EV +1)


Message History

You tentacle-slap the adder. Your grab misses the adder.
The adder is lightly wounded.
* * * LOW HITPOINT WARNING * * *
You feel sick. The adder bites you.
* * * LOW HITPOINT WARNING * * *
You are more poisoned.
The adder poisons you! The frilled lizard closely misses you.
It was a potion of attraction.
You feel attractive to monsters.
* * * LOW HITPOINT WARNING * * *
You feel sick. You block the adder's attack.
You block the frilled lizard's attack. The adder bites you.
* * * LOW HITPOINT WARNING * * *
Unknown command.
It was a potion of might.
You feel very mighty all of a sudden.
* * * LOW HITPOINT WARNING * * *
You feel sick. The frilled lizard misses you. The adder bites you.
You die...
Your body crumbles into a pile of gold.

#####.......##...[.......##.#..
#...........+............##.#..
#...........##...........####..
#........##.####'##.#####......
###........##.# #.##.# #....[.
#.....#######.# ####.# #......
#....## ### #...# #......
#...## #####.#########....
#..## #S@................ ####
......l....####.####.#..
.....##.#### #....# #... #...
...... ### +... .. #...# ....#
.....#


You could see an adder and a frilled lizard.

Vanquished Creatures
  An adder (D:2)
  A dart slug (D:1)
  4 bats
  A giant cockroach (D:1)
  3 goblins
  3 hobgoblins (D:1)
  4 jackals (D:2)
  A quokka (D:2)
  2 ball pythons
  3 frilled lizards
  4 rats
27 creatures vanquished.

Vanquished Creatures (others)
  2 plants (D:2)
2 creatures vanquished.

Grand Total: 29 creatures vanquished

Notes
Turn   | Place    | Note
-------+----------+-------------------------------------------
     0 | D:1      | H0rd4k the Octopode Transmuter began the quest for the Orb.
     0 | D:1      | Reached XP level 1. HP: 13/13 MP: 3/3
   193 | D:1      | Reached XP level 2. HP: 14/18 MP: 5/5
   755 | D:2      | Found an opulent altar of Gozag.
   767 | D:2      | Became a worshipper of Gozag Ym Sagoz the Greedy
   854 | D:2      | Reached XP level 3. HP: 23/23 MP: 6/6
   857 | D:2      | Found a stormy altar of Qazlal.
   865 | D:2      | Learned a level 3 spell: Spider Form
   967 | D:2      | Noticed Sigmund
  1291 | D:2      | HP: 1/23 [adder (3)]
  1292 | D:2      | Slain by an adder

Illustrated notes

Levels and vault maps discovered:
D:1:      tarquinn_simple_flora_water_d, layout_rooms, minmay_misc_feat_columns
D:2:      minmay_roachtagon, layout_basic, good_gods_mini_temple,
          nicolae_gozag_seed_capital, marbit_many_paths, general_overflow_altar,
          grunt_qazlal_clouds, uniq_sigmund

Action                   || total
-------------------------++-------
Melee: Unarmed           ||    78
       Constrict         ||    19
       Tentacles         ||    10
       Punch             ||     2
 Cast: Spider Form       ||     1
  Use: Potion            ||     2
 Stab: Sleeping          ||     3
Armor: Skin              ||    10
Dodge: Dodged            ||    47
Block: Other             ||     9
